 Dungeon Crawl Stone Soup version 0.19.4-12-gccf7e64 (webtiles) character file.

106 Chiseanne the Magician (level 4, -1/32 HPs)
             Began as a Demonspawn Wanderer on Feb 27, 2017.
             Succumbed to a scorpion's poison
             ... on level 3 of the Dungeon.
             The game lasted 00:11:34 (3398 turns).

Chiseanne the Magician (Demonspawn Wanderer)        Turns: 3398, Time: 00:11:35

Health: -1/32      AC:  3    Str:  9    XL:     4   Next: 55%
Magic:  3/8        EV: 16    Int: 18    God:
Gold:   121        SH:  0    Dex: 17    Spells: 3 memorised, 3 levels left

rFire  . . .     SeeInvis .     a - +1 hand axe
rCold  . . .     Gourm    .     d - +1 robe
rNeg   . . .     Faith    .     (no shield)
rPois  .         Spirit   +     (no helmet)
rElec  .         Reflect  .     (no cloak)
rCorr  .         Harm     .     (no gloves)
MR     .....                    (no boots)
Stlth  +++.......               (no amulet)
                                (no ring)
                                (no ring)

@: agile, lethally poisoned (-1 -> -17)
A: talons 1, powered by death 1, magic shield
a: no special abilities


You were on level 3 of the Dungeon.
You were not hungry.

You visited 1 branch of the dungeon, and saw 4 of its levels.

You collected 121 gold pieces.

Inventory:

Hand Weapons
 a - a +1 hand axe (weapon)
 n - a +4 dagger
Missiles
 e - 25 bolts
 i - 27 stones (quivered)
 l - 24 arrows
 p - 14 poisoned needles
Armour
 d - a +1 robe (worn)
Scrolls
 k - a scroll of magic mapping
Potions
 m - a potion of heal wounds
Books
 b - the Volume of Ignition

   Spells                             Type                      Level
   a - Flame Tongue                   Conjuration/Fire             1
   b - Conjure Flame                  Conjuration/Fire             3
 c - Foer Hess's Compendium of Attacks

   Spells                             Type                      Level
   a - Throw Flame                    Conjuration/Fire             2
   b - Throw Frost                    Conjuration/Ice              2
Miscellaneous
 g - a lamp of fire
Comestibles
 f - a bread ration
 h - a meat ration


   Skills:
 - Level 1.3 Fighting
 - Level 1.8 Short Blades
 - Level 0.1 Dodging
 * Level 3.0 Spellcasting
 * Level 2.4 Conjurations
   Level 1.7 Translocations
 * Level 1.8 Fire Magic
 - Level 2.0 Evocations


You had 3 spell levels left.
You knew the following spells:

 Your Spells              Type           Power        Failure   Level  Hunger
a - Flame Tongue          Conj/Fire      ##...        10%         1    None
b - Throw Flame           Conj/Fire      ##....       12%         2    ##.....
c - Conjure Flame         Conj/Fire      ##......     24%         3    ###....


Dungeon Overview and Level Annotations

Branches:
Dungeon (4/15)
 Temple: D:4-7

Altars:
Nemelex Xobeh
Trog
Uskayaw
Xom
Zin

Annotations:
D:3 1 runed door, Purgy


Innate Abilities, Weirdness & Mutations

You have sharp toenails.
You regenerate a little health from kills.
When hurt, damage is shared between your health and your magic reserves.


Message History

The scorpion is almost dead.
* * * LOW HITPOINT WARNING * * *
You feel sick. The scorpion barely misses you.
You hit the scorpion but do no damage.
The scorpion is almost dead.
* * * LOW HITPOINT WARNING * * *
You feel sick. The scorpion stings you.
* * * LOW HITPOINT WARNING * * *
* * * LOW HITPOINT WARNING * * *
You feel sick.
* * * LOW HITPOINT WARNING * * *
You feel sick.
Casting: Flame Tongue
Confirm with . or Enter, or press ? or * to list all spells.
Aiming: Flame Tongue
Press: ? - help, Shift-Dir - straight line, f/p - scorpion
Aim: a scorpion (almost dead)
The flame tongue hits the scorpion.
The scorpion appears unharmed.
The scorpion is almost dead.
You die...

#.#.#######...## #.....≈.
####..............# #?...≈.
#........#####....# #?....
#.####.#.# ##.#.# #...# #.#
#.#.######.#.#####...# ..#
#......<...#.........#######
###
#.#.........................
#.##################.#######
#..>......s@.........#
######################


You could see a scorpion.

Vanquished Creatures
  Ijyb (D:1)
  2 adders
  An ooze (D:1)
  2 worms
  4 leopard geckos
  4 bats
  A giant cockroach (D:2)
  6 hobgoblins (D:1)
  A quokka (D:2)
  4 frilled lizards
  5 goblins
  14 kobolds
  7 rats
52 creatures vanquished.

Notes
Turn   | Place    | Note
-------+----------+-------------------------------------------
     0 | D:1      | Chiseanne the Demonspawn Wanderer began the quest for the Orb.
     0 | D:1      | Chiseanne set off with: a lamp of fire, the Volume of Ignition, Foer Hess's Compendium of Attacks, a +0 robe, a +0 dagger, a bread ration
     0 | D:1      | Reached XP level 1. HP: 15/15 MP: 3/3
   179 | D:1      | Identified the Volume of Ignition
   179 | D:1      | Identified Foer Hess's Compendium of Attacks
   181 | D:1      | Learned a level 1 spell: Flame Tongue
   437 | D:1      | Gained mutation: When hurt, damage is shared between your health and your magic reserves. [demonic ancestry]
   437 | D:1      | Reached XP level 2. HP: 18/21 MP: 5/5
   706 | D:1      | Reached skill level 1 in Fire Magic
   738 | D:1      | Learned a level 2 spell: Throw Flame
  1171 | D:2      | Gained mutation: You have sharp toenails. [demonic ancestry]
  1171 | D:2      | Reached XP level 3. HP: 26/26 MP: 4/6
  1209 | D:2      | Noticed Ijyb
  1299 | D:2      | Found a shimmering altar of Xom.
  1811 | D:1      | Killed Ijyb
  2074 | D:2      | Gained mutation: You regenerate a little health from kills. [demonic ancestry]
  2074 | D:2      | Reached XP level 4. HP: 23/32 MP: 3/8
  2377 | D:2      | Learned a level 3 spell: Conjure Flame
  2465 | D:2      | Found a sparkling altar of Nemelex Xobeh.
  2468 | D:2      | Found a glowing silver altar of Zin.
  2471 | D:2      | Found a bloodstained altar of Trog.
  2474 | D:2      | Found a hide-covered altar of Uskayaw.
  2684 | D:2      | Reached skill level 3 in Spellcasting
  3021 | D:3      | Found a runed door.
  3184 | D:3      | Noticed Purgy
  3397 | D:3      | HP: 1/32 [poisoned by a scorpion]
  3398 | D:3      | Succumbed to a scorpion's poison

Skill      XL: |  1  2  3  4 |
---------------+-------------+-----
Fire Magic     | 1 |  1.8
Conjurations   | 2 |  2.4
Spellcasting   | 3 |  3.0
Fighting       | |  1.3
Short Blades   | |  1.8
Dodging        | |  0.1
Translocations | |  1.7
Evocations     | |  2.0

Action                   |  1- 3 |  4- 6 || total
-------------------------+-------+-------++-------
Melee: Hand axe          |    57 |    15 ||    72
       Dagger            |     5 |       ||     5
       Kick              |     6 |     4 ||    10
Throw: Stone             |       |     2 ||     2
 Cast: Flame Tongue      |    47 |    57 ||   104
       Throw Flame       |     1 |       ||     1
  Use: Scroll            |     4 |     4 ||     8
       Potion            |       |     5 ||     5
  Eat: Chunk             |     4 |     2 ||     6
       Bread ration      |       |     1 ||     1
Armor: Robe              |    10 |     5 ||    15
Dodge: Dodged            |    70 |    41 ||   111
